AoeStats
← CASTORJHON

Nomad

509180818Analyzed
2v2 RM · 6d ago on Sep 25, 2026· 32m 8s· 4 players
Game mode
Random Map
Map size
176×176
Population
200
Speed
Normal
Resources
Standard
Victory
Conquest
Starting age
Dark Age
Ending age
Imperial Age
RankedLock teamsTeams togetherTeam positionsShared explorationLock speedFull tech treeHidden civsTurbo modeCheats
Victory
Defeat
🇲🇽 Varangians · Mexico
1087
+18
🇲🇽 Lithuanians · Mexico
1087
+19
🇷🇴 Varangians · Romania
1161
-19
🇷🇴 Varangians · Romania
1134
-18
Ciccione
14:48 Feudal Age
13:04 Loom
15:17 Double-Bit Axe
20:52 Castle Age
19:45 Bloodlines
20:13 Gold Mining
21:18 Scale Barding Armor
21:34 Husbandry
22:22 Horse Collar
24:25 Chain Barding Armor
redcosmosan
4:05 Loom
14:19 Feudal Age
19:35 Castle Age
17:49 Double-Bit Axe
20:52 Bow Saw
21:01 Medium Warships
22:49 Scale Barding Armor
CASTORJHON
5:51 Loom
12:34 Feudal Age
15:08 Double-Bit Axe
19:22 Castle Age
18:17 Fletching
20:04 Padded Archer Armor
22:32 Crossbowman
26:50 Pikeman
28:55 Wheelbarrow
28:49 Horse Collar
29:32 Husbandry
31:58 Fervor
32:09 Sanctity
JoseTezcaltlipoca
2:57 Loom
19:01 Feudal Age
19:31 Town Watch
20:12 Double-Bit Axe
23:22 Castle Age
21:58 Wheelbarrow
22:21 Scale Barding Armor
22:27 Forging
24:11 Bloodlines
24:18 Medium Warships
26:58 Fishing Lines
27:35 Husbandry
28:43 Gillnets
31:56 Gold Mining
31:57 Stone Mining
32:48 Chain Barding Armor
33:04 Iron Casting
Connection lost

Rejoining the realm…

Still unreachable

The connection could not be restored.

Session expired

The server has moved on; the page needs a fresh start.